[Event "ETCC Women 2013"]
[Site "Warsaw"]
[Date "2013.11.15"]
[Round "7"]
[White "Foisor, Cristina-Adela"]
[Black "Degrande, Marigje"]
[Result "1-0"]
[ECO "A42"]
[WhiteElo "2347"]
[BlackElo "1867"]
[PlyCount "71"]
[EventDate "2013.??.??"]
[EventCountry "POL"]
[WhiteTeam "Romania"]
[BlackTeam "Belgium"]
[WhiteTeamCountry "ROU"]
[BlackTeamCountry "BEL"]
[TimeControl "40/5400+30:1800+30"]

1. c4 g6 2. d4 d6 3. Nc3 Bg7 4. e4 c6 5. Nf3 Nf6 6. Be2 O-O 7. O-O Qc7 8. Rb1
e5 9. d5 c5 10. a3 Bd7 11. h3 Qd8 12. Be3 Na6 13. b4 b6 14. Qd2 Ne8 15. Ne1 f5
16. exf5 Bxf5 17. Rb3 Nf6 18. Bg5 Bd7 19. Nc2 Qc8 20. Ne3 Nc7 21. Bxf6 Bxf6 22.
Ne4 Ne8 23. Bg4 Bg7 24. bxc5 bxc5 25. Rfb1 Bxg4 26. hxg4 Rf4 27. f3 Qd8 28. g5
Bf8 29. Ng4 Be7 30. Qb2 Rf8 31. Rb8 Rxb8 32. Qxb8 Bxg5 33. Qxa7 Bf4 34. Kf1 Rf7
35. Qb8 Qe7 36. Ngf6+ 1-0

[Event "ETCC Women 2013"]
[Site "Warsaw"]
[Date "2013.11.15"]
[Round "7"]
[White "Galojan, Lilit"]
[Black "Wozniak, Mariola"]
[Result "1-0"]
[ECO "A25"]
[WhiteElo "2301"]
[BlackElo "2069"]
[PlyCount "67"]
[EventDate "2013.??.??"]
[EventCountry "POL"]
[WhiteTeam "Armenia"]
[BlackTeam "Poland"]
[WhiteTeamCountry "ARM"]
[BlackTeamCountry "POL"]
[TimeControl "40/5400+30:1800+30"]

1. c4 e5 2. Nc3 Nc6 3. g3 g6 4. Bg2 Bg7 5. e3 Nf6 6. Nge2 O-O 7. O-O d6 8. a3 a5 9. d3 Be6 10. Nd5 Bxd5 11. cxd5 Ne7 12. Nc3 Qd7 13. Bd2 c6 14. dxc6 bxc6 15. Qc2 d5 16. Na4 Qa7 17. Nc5 Nd7 18. Nxd7 Qxd7 19. b4 a4 20. Rac1 f5 21. f4 e4 22. Rfd1 exd3 23. Qxd3 Rfd8 24. Rc5 Qa7 25. Bc3 Bxc3 26. Qxc3 Kf7 27. h3 Rd7 28. g4 Qb6 29. g5 Rd6 30. h4 Re6 31. Bf3 Qb8 32. b5 cxb5 33. Rc7 Ra7 34. Bxd5 1-0

[Event "ETCC Women 2013"]
[Site "Warsaw"]
[Date "2013.11.15"]
[Round "7"]
[White "Gaponenko, Inna"]
[Black "Toma, Katarzyna"]
[Result "1/2-1/2"]
[ECO "C60"]
[WhiteElo "2402"]
[BlackElo "2282"]
[PlyCount "69"]
[EventDate "2013.??.??"]
[EventCountry "POL"]
[WhiteTeam "Ukraine"]
[BlackTeam "Poland"]
[WhiteTeamCountry "UKR"]
[BlackTeamCountry "POL"]
[TimeControl "40/5400+30:1800+30"]

1. e4 e5 2. Nf3 Nc6 3. Bb5 Nge7 4. c3 a6 5. Ba4 g6 6. d4 exd4 7. cxd4 b5 8.
Bc2 Bg7 9. d5 Na5 10. Bd2 c5 11. Bc3 O-O 12. Bxg7 Kxg7 13. b4 cxb4 14. Qd4+ f6 15. Nbd2 Bb7 16. Qxb4 Rc8 17. Bd3 f5 18. O-O fxe4 19. Bxe4 Nc4 20. Nxc4 Rxc4 21. Qb2+ Kg8 22. Nd2 Ra4 23. Bc2 Rg4 24. h3 Rxg2+ 25. Kxg2 Nxd5 26. Bb3 Rf7 27. Kh2 Qc7+ 28. Kg1 Qf4 29. Rae1 Qg5+ 30. Kh2 Qf4+ 31. Kg1 Qg5+ 32. Kh2 Qf4+ 33. Kg1 Qg5+ 34. Kh2 Qf4+ 35. Kg1 1/2-1/2

[Event "ETCC Women 2013"]
[Site "Warsaw"]
[Date "2013.11.15"]
[Round "7"]
[White "Girya, Olga"]
[Black "Rudolf, Anna"]
[Result "0-1"]
[ECO "D31"]
[WhiteElo "2447"]
[BlackElo "2281"]
[PlyCount "120"]
[EventDate "2013.??.??"]
[EventCountry "POL"]
[WhiteTeam "Russia"]
[BlackTeam "Hungary"]
[WhiteTeamCountry "RUS"]
[BlackTeamCountry "HUN"]
[TimeControl "40/5400+30:1800+30"]

1. d4 d5 2. c4 e6 3. Nc3 Be7 4. cxd5 exd5 5. Bf4 c6 6. Qc2 Bd6 7. Bxd6 Qxd6 8. e3 Qg6 9.
Qxg6 hxg6 10. Nf3 Nf6 11. b4 Bf5 12. b5 Ke7 13. Rc1 Rc8 14. Ne5 c5 15. g4 Be6 16. dxc5 Rxc5 17. Nd3 Rc8 18. f3 Nbd7 19. g5 Ne8 20. Kf2 Nd6 21. Nf4 Rc5 22. Nd3 Rc4 23. Nf4 Rc5 24. Bd3 Rac8 25. Nce2 Ne5 26. a4 Nxd3+ 27. Nxd3 Rc4 28. Ra1 Rc2 29. Rhc1 R8c4 30. Rxc2 Rxc2 31. Ndf4 Nc4 32. Rd1 Ra2 33. Nxd5+ Bxd5 34. Rxd5 Rxa4 35. Nf4 Nd6 36. e4 Rb4 37. Re5+ Kd7 38. Nd5 Rxb5 39. h4 a5 40.
h5 gxh5 41. g6 fxg6 42. Re7+ Kd8 43. Rxg7 Nc4 44. Rg8+ Kd7 45.
Rg7+ Kd8 46. Rg8+ Kd7 47. Rg7+ Kd6 48. Rxg6+ Ke5 49. Kg3 Rb3 50. Nc7 a4 51. Rg5+ Kf6 52. Rf5+ Ke7 53. Rxh5 a3 54. e5 a2 55. Rh7+ Kf8 56. e6 Kg8 57. e7 Nd6 58. Rh1 Rb1 59. Rh6 a1=Q 60.
Rxd6 Qe5+ 0-1

[Event "ETCC Women 2013"]
[Site "Warsaw"]
[Date "2013.11.15"]
[Round "7"]
[White "Gronnestad, Anita"]
[Black "Manakova, Maria"]
[Result "0-1"]
[ECO "B20"]
[WhiteElo "1958"]
[BlackElo "2324"]
[PlyCount "46"]
[EventDate "2013.??.??"]
[EventCountry "POL"]
[WhiteTeam "Norway"]
[BlackTeam "Serbia"]
[WhiteTeamCountry "NOR"]
[BlackTeamCountry "SRB"]
[TimeControl "40/5400+30:1800+30"]

1. e4 c5 2. c4 Nc6 3. Nc3 g6 4. g3 Bg7 5. Bg2 e6 6. Nge2 d6 7. d3 Nge7 8. a3 O-O 9. O-O b6 10. Rb1 Bb7 11. b4 Qd7 12. h3 Nd4 13. Nxd4 cxd4 14. Ne2 f5 15. Bb2 e5 16. Kh2 Rac8 17. Qb3 fxe4 18. dxe4 Qe6 19. Qa4 Rxc4 20. Qxa7 Qd7 21. Qxb6 Rc6 22. Qa5 Ra6 23. Nc1 Rxa5 0-1

[Event "ETCC Women 2013"]
[Site "Warsaw"]
[Date "2013.11.15"]
[Round "7"]
[White "Gueci, Tea"]
[Black "Nevioselaya, Maria"]
[Result "0-1"]
[ECO "C77"]
[WhiteElo "2056"]
[BlackElo "2074"]
[PlyCount "132"]
[EventDate "2013.??.??"]
[EventCountry "POL"]
[WhiteTeam "Italy"]
[BlackTeam "Belarus"]
[WhiteTeamCountry "ITA"]
[BlackTeamCountry "BLR"]
[TimeControl "40/5400+30:1800+30"]

1. e4 e5 2. Nf3 Nc6 3. Bb5 a6 4. Ba4 Nf6 5. Qe2 d6 6. c3 b5 7. Bc2 Be7 8.
O-O O-O 9. Rd1 Bd7 10. h3 Qc8 11. d3 Ne8 12. Nbd2 f5 13. exf5 Bxf5 14. Nf1 Nf6 15. Ng3 Be6 16. Re1 Kh8 17. d4 Bc4 18. Qd1 exd4 19. Nxd4 Nxd4 20. Qxd4 Qd7 21. Bf5 Qd8 22. Qh4 Bg8 23. Bg5 h6 24. Bxh6 gxh6 25.
Qxh6+ Bh7 26. Nh5 Rf7 27. Bg6 Ng8 28. Qe3 Bxg6 29. Nf4 Bh7 30.
Ne6 Qd7 31. Rad1 Bf6 32. Nd4 Re7 33. Qf3 Rxe1+ 34. Rxe1 Re8 35. Rd1 Bxd4 36. Rxd4 Qf5 37. Rf4 Re1+ 38. Kh2 Qe5 39. g3 Re4 40. Rf7 c5 41. Ra7 Qf5 42. Qxf5 Bxf5 43. Rxa6 Re6 44. Rb6 Bd3 45. Kg2 Nf6 46. g4 Nd5 47. Rb8+ Kg7 48. Rd8 Nf4+ 49. Kg3 Ne2+ 50. Kf3 Nc1 51. a3 Nb3 52. Kg3 Kf6 53. Rf8+ Ke7 54. Rf3 c4 55. g5 Nd2 56. Rf4 Re4 57. h4 Rxf4 58. Kxf4 Kf7 59. h5 Ne4 60. g6+ Kf6 61. Ke3 Nc5 62. Kd2 Bf5 63. f3 Nd3 64. Ke3 Nxb2 65. Kd4 Be6 66. f4 Nd1 {[%emt 0:00:25]
Kxc4 bxc4} 0-1

[Event "ETCC Women 2013"]
[Site "Warsaw"]
[Date "2013.11.15"]
[Round "7"]
[White "Hoang, Thanh Trang"]
[Black "Gunina, Valentina"]
[Result "1/2-1/2"]
[ECO "D12"]
[WhiteElo "2511"]
[BlackElo "2509"]
[PlyCount "115"]
[EventDate "2013.??.??"]
[EventCountry "POL"]
[WhiteTeam "Hungary"]
[BlackTeam "Russia"]
[WhiteTeamCountry "HUN"]
[BlackTeamCountry "RUS"]
[TimeControl "40/5400+30:1800+30"]

1. d4 d5 2. c4 c6 3. Nf3 Nf6 4. e3 Bf5 5. Nc3 e6 6. Nh4 Bg6 7. Be2 Nbd7 8. O-O Ne4 9. g3 Be7 10. Nxg6 hxg6 11. f3 Nxc3 12. bxc3 O-O 13. Rb1 dxc4 14. Bxc4 b5 15. Be2 a6 16. e4 Qa5 17. Qb3 c5 18. Be3 Rac8 19. Rfc1 Rfd8 20. Kg2 Nb6 21. Bf2 Na4 22. Be1 Qc7 23. c4 cxd4 24.
cxb5 Nc5 25. Qa3 axb5 26. Bxb5 Ra8 27. Qb2 Qa7 28. Bb4 d3 29.
Qf2 Qxa2 30. Rb2 d2 31. Rxd2 Rxd2 32. Bxd2 Nb3 33. Rc7 Bc5 34. Qe2 Bb6 35. Rb7 Nd4 36. Qf2 Bc5 37. Be3 Qa1 38. Bc4 Qc3 39. Bf1 Ra3 40. Bxd4 Bxd4 41. Qe2 Qa1 42. Rc7 Re3 43. Qd2 Re1 44. Rc8+ Kh7 45. Ra8 Rd1 46. Qe2 Qb2 47. Qxb2 Bxb2 48. Ra2 Rd2+ 49. Kh3 g5 50. Bb5 f5 51.
exf5 exf5 52. Be8 Rf2 53. Bd7 Kg6 54. Bc8 Rd2 55. Ra5 f4 56.
gxf4 gxf4 57. Kg4 Rxh2 58. Kxf4 1/2-1/2

[Event "ETCC Women 2013"]
[Site "Warsaw"]
[Date "2013.11.15"]
[Round "7"]
[White "Jelica, Mara"]
[Black "Heinatz, Dr. Gundula"]
[Result "1/2-1/2"]
[ECO "B74"]
[WhiteElo "2252"]
[BlackElo "2169"]
[PlyCount "179"]
[EventDate "2013.??.??"]
[EventCountry "POL"]
[WhiteTeam "Croatia"]
[BlackTeam "Switzerland"]
[WhiteTeamCountry "CRO"]
[BlackTeamCountry "SUI"]
[TimeControl "40/5400+30:1800+30"]

1. e4 c5 2. Nf3 Nc6 3. d4 cxd4 4. Nxd4 g6 5. Nc3 Bg7 6. Be3 Nf6 7. Be2 O-O 8.
Nb3 d6 9. O-O a6 10. f4 b5 11. Bf3 Bb7 12. Nd5 Nxd5 13. exd5 Na5 14. Bd4 Nc4 15. Bxg7 Kxg7 16. Qd4+ Kg8 17. Rae1 Re8 18. Kh1 Qb6 19. Qc3 Rac8 20. f5 b4 21. Qd3 Nxb2 22. Qd2 Kg7 23. fxg6 hxg6 24. Bg4 f6 25. Bxc8 Bxc8 26. Re4 a5 27. Rfe1 Qc7 28. Qe2 Kf7 29. Nxa5 Bf5 30. Rxb4 Qxa5 31. Rxb2 Qxd5 32. a4 Qa5 33. Rb7 Qe5 34. Qc4+ Be6 35.
Qb4 Qd5 36. Qb5 Qd2 37. Qe2 Qxe2 38. Rxe2 f5 39. Ra7 Kf6 40. a5 Bc4 41. Re1 e5 42. Rc7 d5 43. Rc6+ Kg5 44. Kg1 f4 45. a6 Re7 46. Ra1 Ra7 47.
Kf2 Kf5 48. h3 g5 49. g4+ fxg3+ 50. Kxg3 Bb5 51. Rb6 Bc4 52. Ra4 e4 53. Kf2 Kf4 54. Ra3 Ke5 55. c3 Kf4 56. Rf6+ Ke5 57. Rf8 Rxa6 58. Rxa6 Bxa6 59. Ke3 Bc4 60. Rh8 Kf5 61. Rf8+ Ke5 62. Rf2 Bb3 63. Rf8 Bc4 64. Kf2 Bb3 65. Rb8 Bc4 66. Rf8 Bd3 67. Ke3 Bc4 68. h4 gxh4 69.
Rh8 Kd6 70. Kd4 Ke6 71. Rxh4 Kf5 72. Rh8 Bb3 73. Rh5+ Ke6 74.
Rg5 Ba2 75. Re5+ Kd6 76. Re8 Bb3 77. Rb8 Bc4 78. Rb6+ Kd7 79. Rh6 Bb3 80. Rh4 Ke6 81. Rh5 Ba2 82. Rh6+ Kf5 83. Rh8 Ke6 84. Ra8 Bc4 85. Re8+ Kf5 86. Re5+ Kf6 87. Rh5 Ke6 88. Ke3 Kd6 89. Kf4 Kc5 90. Ke3 1/2-1/2

[Event "ETCC Women 2013"]
[Site "Warsaw"]
[Date "2013.11.15"]
[Round "7"]
[White "Khotenashvili, Bela"]
[Black "Rajlich, Iweta"]
[Result "1-0"]
[ECO "D11"]
[WhiteElo "2524"]
[BlackElo "2404"]
[PlyCount "89"]
[EventDate "2013.??.??"]
[EventCountry "POL"]
[WhiteTeam "Georgia"]
[BlackTeam "Poland"]
[WhiteTeamCountry "GEO"]
[BlackTeamCountry "POL"]
[TimeControl "40/5400+30:1800+30"]

1. d4 d5 2. Nf3 c6 3. c4 Nf6 4. e3 g6 5. Nc3 Bg7 6. Be2 O-O 7. O-O a6 8. a4 a5 9. Qb3 e6 10. Bd2 Nbd7 11. Rfd1 b6 12. Rac1 Rb8 13. Bd3 Bb7 14. cxd5 exd5 15. Re1 c5 16. Bb5 Ne4 17. Rcd1 c4 18. Qc2 Rc8 19. Bc1 Nd6 20.
Nd2 Nxb5 21. axb5 Re8 22. Nf1 Nf8 23. Re2 Ne6 24. f4 Qd7 25.
h3 Bf8 26. Nh2 Ng7 27. g4 Bb4 28. Qb1 h5 29. Rg2 hxg4 30. hxg4 Rc7 31. Nf3 Bxc3 32. bxc3 Re4 33. Kf2 Qe8 34. Ng5 Rce7 35. Nxe4 Rxe4 36. Rh1 f6 37. Rgh2 Qd7 38. Rh8+ Kf7 39. Ba3 Qxg4 40. Rf8+ Ke6 41. Rh7 g5 42. Qg1 Rxf4+ 43. exf4 Qxf4+ 44. Ke2 Qe4+ 45. Qe3 1-0

[Event "ETCC Women 2013"]
[Site "Warsaw"]
[Date "2013.11.15"]
[Round "7"]
[White "Kiolbasa, Oliwia"]
[Black "Kursova, Maria"]
[Result "1-0"]
[ECO "B47"]
[WhiteElo "1982"]
[BlackElo "2339"]
[PlyCount "105"]
[EventDate "2013.??.??"]
[EventCountry "POL"]
[WhiteTeam "Poland"]
[BlackTeam "Armenia"]
[WhiteTeamCountry "POL"]
[BlackTeamCountry "ARM"]
[TimeControl "40/5400+30:1800+30"]

1. e4 c5 2. Nf3 e6 3. d4 cxd4 4. Nxd4 Nc6 5. Nc3 Qc7 6. Be2 a6 7. O-O Nf6 8. Be3 Be7 9. f4 d6 10. Kh1 O-O 11. Bf3 Rb8 12. a4 Nd7 13. Qd2 Re8 14. Qf2 Nxd4 15. Bxd4 b6 16. f5 Bf6 17. Bh5 Bb7 18. fxe6 Rxe6 19. Bg4 Re7 20. Bxd7 Bxd4 21. Qxd4 Rxd7 22. Rf5 Re8 23. Rd1 Bc6 24. b4 h6 25. b5 axb5 26. axb5 Bb7 27.
Rd3 Re6 28. Rg3 Re5 29. h3 Rde7 30. Kh2 R7e6 31. Nd5 Qd8 32. Nf6+ Kh8 33. Nh5 Bxe4 34. Rxf7 Bg6 35. Rxg7 Bxh5 36. Qxb6 Qf8 37. Qc7 Re7 38. Qxd6 Qxg7 39. Rxg7 Kxg7 40. b6 R5e6 41. Qd5 Bf7 42. b7 Re8 43. Qb3 Rc6 44. b8=Q Rxb8 45. Qxb8 Rxc2 46. Qe5+ Kh7 47. Qe4+ Bg6 48. Qb7+ Kh8 49. Kg3 Bh7 50. Kg4 Re2 51. Qc8+ Kg7 52. Qc3+ Kf7 53. Qf3+ 1-0

[Event "ETCC Women 2013"]
[Site "Warsaw"]
[Date "2013.11.15"]
[Round "7"]
[White "Kosteniuk, Alexandra"]
[Black "Gara, Ticia"]
[Result "1-0"]
[ECO "B22"]
[WhiteElo "2510"]
[BlackElo "2350"]
[PlyCount "113"]
[EventDate "2013.??.??"]
[EventCountry "POL"]
[WhiteTeam "Russia"]
[BlackTeam "Hungary"]
[WhiteTeamCountry "RUS"]
[BlackTeamCountry "HUN"]
[TimeControl "40/5400+30:1800+30"]

1. e4 c5 2. c3 Nf6 3. e5 Nd5 4. Nf3 Nc6 5. Bc4 Nb6 6. Bb3 d5 7. exd6 Qxd6 8. O-O g6 9. Na3 Bg7 10. Ng5 O-O 11. Ne4 Qe5 12. d3 Nd7 13. Qf3 Qf5 14. Qg3 Nf6 15. Re1 b6 16.
Nb5 Bb7 17. Ng5 Rad8 18. Ne6 Rxd3 19. f3 Rc8 20. Nxg7 Kxg7 21. Bc2 c4 22. Bxd3 cxd3 23. Qg5 Rd8 24. Qxf5 gxf5 25. Bf4 Rd5 26. Nd4 Nxd4 27. cxd4 Rxd4 28. Rxe7 Bxf3 29. gxf3 Rxf4 30. Re3 Rc4 31.
Rxd3 Rc2 32. Rad1 Rxb2 33. R1d2 Rb1+ 34. Kf2 Nh5 35. Ra3 Nf4 36. Rxa7 Kg6 37. Ra4 Ne6 38. Ra3 Nc5 39. Ra8 Kg7 40. Rad8 Kg6 41.
Rg8+ Kf6 42. Ke3 Re1+ 43. Kf2 Rb1 44. Rg2 f4 45. Rg1 Rb4 46.
Re1 Kf5 47. Ree2 Na4 48. Rd5+ Kf6 49. Red2 Nc3 50. R5d3 Rc4 51.
Rd6+ Ke5 52. Rxb6 Ra4 53. Rb7 f6 54. Rxh7 Nxa2 55. h4 Nc3 56.
Rc7 Ra3 57. h5 1-0

[Event "ETCC Women 2013"]
[Site "Warsaw"]
[Date "2013.11.15"]
[Round "7"]
[White "Kristinardottir, Elsa Maria"]
[Black "Orehek, Spela"]
[Result "1-0"]
[ECO "C54"]
[WhiteElo "1819"]
[BlackElo "2026"]
[PlyCount "57"]
[EventDate "2013.??.??"]
[EventCountry "POL"]
[WhiteTeam "Iceland"]
[BlackTeam "Slovenia"]
[WhiteTeamCountry "ISL"]
[BlackTeamCountry "SLO"]
[TimeControl "40/5400+30:1800+30"]

1. e4 e5 2. Nf3 Nc6 3. Bc4 Bc5 4. c3 Nf6 5. d4 exd4 6. e5 d5 7. Bb5 Ne4 8.
cxd4 Bb4+ 9. Bd2 Nxd2 10. Bxc6+ bxc6 11. Nbxd2 O-O 12. a3 Bxd2+ 13. Nxd2 Ba6 14. Qg4 c5 15. dxc5 Qe7 16. Qd4 f6 17. O-O-O c6 18. exf6 Rxf6 19. Rhe1 Qc7 20. g3 Rb8 21. f4 Rb5 22. Re8+ Rf8 23.
Rde1 Rxe8 24. Rxe8+ Kf7 25. Re3 Qa5 26. b4 Qc7 27. Nf3 Bc8 28.
Ng5+ Kg8 29. Re8# 1-0

[Event "ETCC Women 2013"]
[Site "Warsaw"]
[Date "2013.11.15"]
[Round "7"]
[White "Lanchava, Tea"]
[Black "Mamedjarova, Zeinab"]
[Result "0-1"]
[ECO "A01"]
[WhiteElo "2289"]
[BlackElo "2236"]
[PlyCount "84"]
[EventDate "2013.??.??"]
[EventCountry "POL"]
[WhiteTeam "Netherlands"]
[BlackTeam "Azerbaijan"]
[WhiteTeamCountry "NED"]
[BlackTeamCountry "AZE"]
[TimeControl "40/5400+30:1800+30"]

1. b3 c5 2. Bb2 d6 3. f4 b6 4. Nf3 Bb7 5. e3 Nf6 6. Be2 e6 7. O-O Be7 8. Qe1 O-O 9. Qg3 Nc6 10. d3 Nb4 11. Ne1 Ne8 12. Qh3 Bf6 13. c3 a5 14. d4 Nc6 15.
Nd2 a4 16. bxa4 Rxa4 17. f5 exf5 18. Qxf5 Bg5 19. Nc2 cxd4 20.
cxd4 Nb4 21. Bc4 Ra5 22. Bxf7+ Kh8 23. Qh3 Nf6 24. Bb3 Nxc2 25.
Bxc2 Bh6 26. d5 Rxd5 27. Bxf6 Rxf6 28. Rxf6 Rxd2 29. Rxh6 gxh6 30.
e4 Rxc2 31. Qf5 Rc5 32. Qf4 Re5 33. Rf1 Rxe4 34. Qxh6 Re8 35. Rf7 Re1+ 36. Kf2 Re2+ 37. Kf1 Re1+ 38. Kf2 Re2+ 39. Kf1 Bxg2+ 40. Kg1 Re1+ 41. Kxg2 Qg8+ 42. Kf2 Qg1+ 0-1

[Event "ETCC Women 2013"]
[Site "Warsaw"]
[Date "2013.11.15"]
[Round "7"]
[White "Makropoulou, Marina"]
[Black "Savola, Laura"]
[Result "1-0"]
[ECO "C17"]
[WhiteElo "2234"]
[BlackElo "2076"]
[PlyCount "76"]
[EventDate "2013.??.??"]
[EventCountry "POL"]
[WhiteTeam "Greece"]
[BlackTeam "Finland"]
[WhiteTeamCountry "GRE"]
[BlackTeamCountry "FIN"]
[TimeControl "40/5400+30:1800+30"]

1. e4 e6 2. d4 d5 3. Nc3 Bb4 4. e5 c5 5. dxc5 Ne7 6. Nf3 Nbc6 7. Bd3 Ng6 8.
O-O O-O 9. Bg5 Qa5 10. Nb5 Bxc5 11. c3 Qb6 12. b4 Be7 13. Bxe7 Ncxe7 14. Nbd4 Bd7 15. Re1 f6 16. Qd2 fxe5 17. Nxe5 Nxe5 18. Rxe5 Rf6 19. Rae1 Raf8 20. R1e2 Ng6 21. Bxg6 Rxg6 22. Qe3 Rff6 23. g3 a6 24. h4 Bb5 25. Re1 Bd7 26. Kh2 Rf8 27. f4 a5 28. a3 axb4 29. axb4 Rc8 30.
Qf3 Qa6 31. R1e2 Qc4 32. R2e3 Qa2+ 33. Qe2 Qxe2+ 34. Nxe2 Rf6 35. Nd4 Kf7 36. h5 g6 37. h6 Ke7 38. Rxd5 Bc6 1-0

[Event "ETCC Women 2013"]
[Site "Warsaw"]
[Date "2013.11.15"]
[Round "7"]
[White "Mammadova, Gulnar"]
[Black "Peng, Zhaoqin"]
[Result "1/2-1/2"]
[ECO "B23"]
[WhiteElo "2354"]
[BlackElo "2378"]
[PlyCount "59"]
[EventDate "2013.??.??"]
[EventCountry "POL"]
[WhiteTeam "Azerbaijan"]
[BlackTeam "Netherlands"]
[WhiteTeamCountry "AZE"]
[BlackTeamCountry "NED"]
[TimeControl "40/5400+30:1800+30"]

1. e4 c5 2. Nc3 e6 3. f4 a6 4. a4 d5 5. d3 Nc6 6. Nf3 Nf6 7. Be2 b6 8. e5 d4 9. Nb1 Nd5 10. O-O Be7 11. c4 Ndb4 12. Nbd2 Bb7 13. Ne4 Na5 14. Ng3 h5 15.
Ng5 g6 16. Bf3 Qc7 17. Bxb7 Nxb7 18. N3e4 Nd8 19. Qf3 Ra7 20. Bd2 a5 21. b3 Kd7 22. Bxb4 axb4 23. h4 Kc8 24. Rae1 Kb8 25. Re2 Qb7 26. Qf2 Qc7 27. Qf3 Qb7 28. Qf2 Qc7 29. Qf3 Qb7 30. Qf2 1/2-1/2

[Event "ETCC Women 2013"]
[Site "Warsaw"]
[Date "2013.11.15"]
[Round "7"]
[White "Matnadze, Ana"]
[Black "Zaksaite, Salomeja"]
[Result "1-0"]
[ECO "A49"]
[WhiteElo "2373"]
[BlackElo "2200"]
[PlyCount "115"]
[EventDate "2013.??.??"]
[EventCountry "POL"]
[WhiteTeam "Spain"]
[BlackTeam "Lithuania"]
[WhiteTeamCountry "ESP"]
[BlackTeamCountry "LTU"]
[TimeControl "40/5400+30:1800+30"]

1. d4 Nf6 2. Nf3 g6 3. g3 d5 4. Bg2 Bg7 5.
O-O O-O 6. b3 c5 7. e3 Nc6 8. Bb2 cxd4 9.
exd4 Bf5 10. Ne5 Rc8 11. c4 Nb4 12. a3 Nc2 13. Ra2 dxc4 14. bxc4 Nd7 15. g4
Nxe5 16. gxf5 Nxc4 17. Qxc2 Ne3 18. Qb3 Nxf1 19. fxg6 hxg6 20. Bxf1 Bxd4 21.
Bc3 Bxc3 22. Nxc3 Qd4 23. Ne2 Qc4 24. Rb2 Qxb3 25. Rxb3 b6 26. f4 Rc5 27. Kf2
Rd8 28. Re3 Kf8 29. Ke1 Rc2 30. h3 Ra2 31. Rc3 Ra1+ 32. Kf2 e6 33. Bg2 Rd2 34.
Bc6 Raa2 35. Bb5 Kg7 36. a4 a6 37. Bxa6 Rxa4 38. Bd3 Rb2 39. Ke3 Ra1 40. Be4
Kf6 41. Rc7 b5 42. Rb7 Re1 43. Bd3 b4 44. Bb5 Kg7 45. Kf2 Rh1 46. Kg2 Rd1 47.
Kf3 Rh1 48. Nd4 Rxh3+ 49. Ke4 Kf6 50. Be8 Rh7 51. Nf3 b3 52. Ng5 Rg7 53. Kf3 e5
54. Bxf7 exf4 55. Ne4+ Ke5 56. Re7+ Kd4 57. Rd7+ Ke5 58. Rd5# 1-0

[Event "ETCC Women 2013"]
[Site "Warsaw"]
[Date "2013.11.15"]
[Round "7"]
[White "Melamed, Tatjana"]
[Black "Videnova, Iva"]
[Result "1/2-1/2"]
[ECO "C78"]
[WhiteElo "2367"]
[BlackElo "2272"]
[PlyCount "126"]
[EventDate "2013.??.??"]
[EventCountry "POL"]
[WhiteTeam "Germany"]
[BlackTeam "Bulgaria"]
[WhiteTeamCountry "GER"]
[BlackTeamCountry "BUL"]
[TimeControl "40/5400+30:1800+30"]

1. e4 e5 2. Nf3 Nc6 3. Bb5 a6 4. Ba4 Nf6 5. O-O b5 6. Bb3 Bb7 7. d3 Be7 8. a4 O-O 9. Nc3 Na5 10. Ba2 b4 11. Nd5 Nxd5 12. Bxd5 d6 13. Bxb7 Nxb7 14. d4 exd4 15. Qxd4 a5 16. Qd5 Nc5 17. Be3 Ne6 18. Rad1 Bf6 19. b3 Qc8 20. Nd2 Rd8 21. Nc4 Qa6 22. f4 c5 23. Kh1 Bd4 24. Bxd4 Nxd4 25. f5 h6 26.
Rd3 Ra7 27. e5 Qb7 28. Qxb7 Rxb7 29. Nxd6 Re7 30. Nc4 Rd5 31. g4 Rdd7 32. Rf2 Nc6 33. Rxd7 Rxd7 34. Kg2 Rd4 35. Kf3 Kf8 36. h3 Rd1 37. Ke4 Rd4+ 38. Ke3 Rd1 39. Rd2 Re1+ 40. Kf4 Ke7 41. Rd5 Nd4 42. Nxa5 g5+ 43. fxg6 fxg6 44. Rd6 Ne6+ 45. Kg3 Rxe5 46. Nc4 Re2 47. Rd2 Re1 48. Kf2 Rh1 49. Kg2 Re1 50. a5 Ra1 51. Rd6 Ra2 52. Rb6 Rxc2+ 53. Kf1 Nd4 54. a6 Ra2 55. Rxg6 Ne6 56. Rxh6 Rxa6 57. Rh7+ Kf6 58. Rh6+ Kg5 59. Rh5+ Kf4 60. Rd5 Nd4 61. Rxc5 Ra1+ 62. Kf2 Ra2+ 63. Ke1 Ra1+ 1/2-1/2

[Event "ETCC Women 2013"]
[Site "Warsaw"]
[Date "2013.11.15"]
[Round "7"]
[White "Milliet, Sophie"]
[Black "Kopinits, Anna-Christina"]
[Result "0-1"]
[ECO "C91"]
[WhiteElo "2383"]
[BlackElo "2263"]
[PlyCount "134"]
[EventDate "2013.??.??"]
[EventCountry "POL"]
[WhiteTeam "France"]
[BlackTeam "Austria"]
[WhiteTeamCountry "FRA"]
[BlackTeamCountry "AUT"]
[TimeControl "40/5400+30:1800+30"]

1. e4 e5 2. Nf3 Nc6 3. Bb5 a6 4. Ba4 Nf6 5. O-O b5 6. Bb3 Be7 7. Re1 d6 8.
c3 O-O 9. d4 Bg4 10. Be3 exd4 11. cxd4 d5 12. e5 Ne4 13. Nbd2 Nxd2 14. Qxd2 Bxf3 15. Rec1 Bb4 16. Qc2 Nxd4 17. Bxd4 Qg5 18. g3 Bd2 19. Rd1 Bxd1 20. Rxd1 Ba5 21. Bxd5 Rad8 22. Qb3 Bb6 23. Bxb6 cxb6 24. Re1 g6 25. Qf3 Kg7 26. h4 Qe7 27. Kg2 Rd7 28. Bb3 h5 29. Qc6 Qd8 30.
e6 Re7 31. Rd1 Qa8 32. Qxa8 Rxa8 33. exf7 Re2 34. Rd7 Rb8 35. Kf3 Rxb2 36. Re7 Kf8 37. Re6 Kxf7 38. Re2+ Rxb3+ 39. axb3 a5 40. Kf4 Rc8 41. Kg5 Rc5+ 42. Kh6 Kf6 43. Re8 Rc6 44. f4 b4 45. Rf8+ Ke7 46. Ra8 Rc3 47. Ra6 Rxb3 48. Rxb6 a4 49. Rxg6 a3 50. Ra6 Rxg3 51. Ra4 Rg1 52. Kxh5 b3 53. Ra7+ Kf6 54. Ra6+ Kf5 55. Ra5+ Kxf4 56. Ra4+ Ke5 57. Ra5+ Kd4 58. Ra4+ Kc5 59. Rxa3 b2 60. Rb3 b1=Q 61. Rxb1 Rxb1 62. Kg6 Kd6 63. h5 Ke6 64. h6 Rg1+ 65. Kh7 Kf7 66. Kh8 Rg8+ 67. Kh7 Rg6 0-1

[Event "ETCC Women 2013"]
[Site "Warsaw"]
[Date "2013.11.15"]
[Round "7"]
[White "Moser, Eva"]
[Black "Sebag, Marie"]
[Result "1/2-1/2"]
[ECO "A06"]
[WhiteElo "2434"]
[BlackElo "2510"]
[PlyCount "81"]
[EventDate "2013.??.??"]
[EventCountry "POL"]
[WhiteTeam "Austria"]
[BlackTeam "France"]
[WhiteTeamCountry "AUT"]
[BlackTeamCountry "FRA"]
[TimeControl "40/5400+30:1800+30"]

1. Nf3 d5 2. g3 c6 3. Bg2 Bg4 4. O-O Nd7 5. d3 e6 6. Nbd2 Bd6 7. e4 Ne7 8.
Re1 O-O 9. d4 Bc7 10. c3 c5 11. exd5 Nxd5 12. dxc5 Nxc5 13. Nb3 Bb6 14. Nxc5 Bxc5 15. Qb3 Qf6 16. c4 Nb4 17. Be3 Bxe3 18. Rxe3 Nc6 19. Qxb7 Rfc8 20. Rae1 Na5 21. Qa6 Nxc4 22. Rc3 e5 23. Qxf6 gxf6 24. b3 Nb6 25. Rec1 Rxc3 26. Rxc3 Rd8 27. h3 Be6 28. Rc7 a5 29. Ra7 Rd5 30. Nh2 Rc5 31. Ng4 Kg7 32. Ne3 f5 33. Ra6 f4 34. gxf4 exf4 35. Rxb6 fxe3 36. fxe3 Rc1+ 37. Kh2 Rc2 38. Kg3 Rxa2 39. b4 axb4 40. Rxb4 Re2 41. Kf3 1/2-1/2

[Event "ETCC Women 2013"]
[Site "Warsaw"]
[Date "2013.11.15"]
[Round "7"]
[White "Olsarova, Karolina"]
[Black "Vasiliev, Olga"]
[Result "1-0"]
[ECO "B32"]
[WhiteElo "2275"]
[BlackElo "2282"]
[PlyCount "89"]
[EventDate "2013.??.??"]
[EventCountry "POL"]
[WhiteTeam "Czech Republic"]
[BlackTeam "Israel"]
[WhiteTeamCountry "CZE"]
[BlackTeamCountry "ISR"]
[TimeControl "40/5400+30:1800+30"]

1. e4 c5 2. Nf3 Nc6 3. d4 cxd4 4. Nxd4 e5 5. Nb5 d6 6. N1c3 a6 7. Na3 b5 8.
Nd5 Nge7 9. c4 Nd4 10. Bd3 Nxd5 11. exd5 Be7 12. O-O O-O 13. cxb5 f5 14. bxa6 f4 15. Nc2 f3 16. Nxd4 exd4 17. g3 Qd7 18. Re1 Bd8 19. Re4 Rxa6 20. Bd2 Rb6 21. b3 Ba6 22. Ba5 Qa7 23. Bxb6 Bxb6 24. Bxa6 Qxa6 25. Qf1 d3 26. a4 Qc8 27. a5 Ba7 28. Rc1 Qf5 29. Rf4 Qxd5 30.
Rxf8+ Kxf8 31. Rd1 d2 32. Qc4 Qxa5 33. Qf4+ Kg8 34. Qxd2 Qb6 35. Qd5+ Kh8 36. Qa8+ Bb8 37. Qxf3 h6 38. Qf8+ Kh7 39. Qf5+ Kg8 40. Re1 Qc6 41. Qe6+ Kh7 42. Qe4+ Qxe4 43. Rxe4 Kg6 44. Re8 Bc7 45. Re7 1-0